 Dungeon Crawl Stone Soup version 0.22.1-2-g9c5b331383 (webtiles) character file.

6663 Ihlosi the Slicer (level 11, -2/77 (79) HPs)
             Began as a Kobold Gladiator on Dec 13, 2018.
             Was a Follower of Kikubaaqudgha.
             Slain by a manticore (9 damage)
             ... on level 12 of the Dungeon.
             The game lasted 00:25:59 (9174 turns).

Ihlosi the Slicer (Kobold Gladiator)                Turns: 9174, Time: 00:26:01

HP:   -2/77 (79)    AC: 10    Str: 16    XL:     11   Next: 22%
MP:   15/15         EV: 20    Int: 10    God:    Kikubaaqudgha [*.....]
Gold: 486           SH:  0    Dex: 21    Spells: 8/16 levels left

rFire    . . .     SeeInvis .   a - +0 rapier
rCold    + . .     Gourm    .   (shield restricted)
rNeg     . . .     Faith    .   D - +1 leather armour of Amuah {Dex+3}
rPois    .         Spirit   .   c - +0 helmet
rElec    .         Reflect  .   (no cloak)
rCorr    .         Harm     .   g - +2 pair of gloves
MR       +....                  e - +1 pair of boots
Stlth    ++++++....             (no amulet)
HPRegen  0.22/turn              n - ring of protection from cold
MPRegen  0.14/turn              B - ring of Zin's Whim {MR+ Str+3}

@: no status effects
A: small, camouflage 1, carnivore, robust 1
a: Receive Corpses, Renounce Religion


You were on level 12 of the Dungeon.
You worshipped Kikubaaqudgha.
Kikubaaqudgha was aware of your devotion.
You were not hungry.

You visited 2 branches of the dungeon, and saw 12 of its levels.

You collected 486 gold pieces.

Inventory:

Hand Weapons
 a - a +0 rapier (weapon)
 h - a +0 long sword
 q - a +2 vampiric dagger
Missiles
 d - 2 throwing nets (quivered)
 s - 52 bolts
Armour
 c - a +0 helmet (worn)
 e - a +1 pair of boots (worn)
 g - a +2 pair of gloves (worn)
 p - a +1 ring mail of cold resistance
 D - the +1 leather armour of Amuah (worn) {Dex+3}
   (You found it on level 6 of the Dungeon)

   It affects your dexterity (+3).
Jewellery
 i - an uncursed amulet of the gourmand {unknown}
 n - a ring of protection from cold (left hand)
 B - the ring of Zin's Whim (right hand) {MR+ Str+3}
   (You found it on level 7 of the Dungeon)

   [ring of strength]

   It affects your strength (+3).
   It affects your resistance to hostile enchantments.
Wands
 k - a wand of polymorph (7)
 v - a wand of flame (29)
 y - a wand of random effects (4)
 A - a wand of enslavement (10)
 F - a wand of iceblast (9)
Scrolls
 j - 2 scrolls of enchant armour
 l - 4 scrolls of identify
 m - 8 scrolls of remove curse
 o - 6 scrolls of teleportation
 u - 2 scrolls of fear
 w - 2 scrolls of blinking
 C - a scroll of fog
Potions
 b - a potion of agility
 r - 2 potions of resistance
 t - a potion of invisibility
 z - 2 potions of mutation
Comestibles
 f - 19 rations


   Skills:
 * Level 10.3 Fighting
 * Level 10.9 Short Blades
 - Level 2.1 Throwing
 - Level 3.0 Armour
 * Level 6.9 Dodging
 * Level 10.0 Stealth
 - Level 3.0 Spellcasting
 * Level 5.5 Evocations


You had 8 spell levels left.
You knew the following spells:

 Your Spells              Type           Power        Failure   Level  Hunger
a - Animate Skeleton      Necr           N/A          32%         1    #......
b - Apportation           Tloc           #.....       32%         1    #......
c - Pain                  Necr           #...         32%         1    #......
d - Corpse Rot            Necr           N/A          45%         2    ###....
e - Vampiric Draining     Necr           #.........   69%         3    ###....

Your spell library contained the following spells:

 Spells                   Type           Power        Failure   Level  Hunger
 Beastly Appendage        Tmut           #.....       32%         1    #......
 Confusing Touch          Hex            #.....       32%         1    #......
 Summon Small Mammal      Summ           #...         32%         1    #......
 Sticks to Snakes         Tmut           #.......     45%         2    ###....
 Sublimation of Blood     Necr           #.........   45%         2    ###....
 Spider Form              Tmut/Pois      #.........   69%         3    ###....
 Ice Form                 Ice/Tmut       #.......     97%         4    #####..
 Blade Hands              Tmut           #.........   100%        5    ######.


Dungeon Overview and Level Annotations

Branches:
Dungeon (10/15)            Temple (1/1) D:7
   Lair: D:8-11         Orc: D:9-12

Altars:
Ashenzari
Cheibriados
Dithmenos
Elyvilon
Fedhas
Gozag
Hepliaklqana
Kikubaaqudgha
Makhleb
Nemelex Xobeh
Okawaru
Qazlal
Ru
Sif Muna
Trog
Uskayaw
Vehumet
Wu Jian
Xom
Yredelemnul
Zin
The Shining One

Shops:
D:4 =   D:8 (*   D:9 ?

Annotations:
D:7 2 runed doors, GlassGoSec's ghost, novice OgTm
D:10 Erolcha


Innate Abilities, Weirdness & Mutations

You are small and have problems with some larger weapons.
You are carnivorous and can eat meat at any time.
Your skin changes colour to match your surroundings (Stealth+).
You are robust. (+10% HP)


Message History

The manticore barely misses you. The manticore completely misses you.
The manticore claws you but does no damage.
You hit the manticore.
The manticore is severely wounded.
The manticore bites you but does no damage.
The manticore claws you! The manticore misses you.
You barely miss the manticore.
The manticore is severely wounded.
You hit the manticore.
The manticore is almost dead.
The manticore bites you!
* * * LOW HITPOINT WARNING * * *
The manticore barely misses you. The manticore completely misses you.
You barely miss the manticore.
The manticore is almost dead.
The manticore bites you!
* * * LOW HITPOINT WARNING * * *
The manticore claws you!
You die...
Kikubaaqudgha rasps: "You have failed me!
Welcome... death!"

####'####'## #.....(#
............ #....).#
.............#......#
............y#......#
...........Zy+...##.#
....... #......#
.......#######......#
.......H............#
.......#@........>..#
.......#..###..####.#
....y..#............#
.......#............#
.......#............#
########............#
##...........#
#........#..#
#........#..#


You could see a manticore.

Vanquished Creatures
  A two-headed ogre (D:12)
  A centaur zombie (D:12)
  2 hippogriffs
  A vampire (D:10)
  4 hogs (D:7)
  A human (D:7)
  2 vampire mosquitoes (D:12)
  3 orc warriors
  4 sky beasts
  3 ice beasts
  A necrophage (D:5)
  6 ogres
  2 phantoms
  3 centaurs
  5 bullfrogs
  A wyvern skeleton (D:8)
  A water moccasin skeleton (D:5)
  2 scorpions
  10 killer bees (D:9)
  3 howler monkeys (D:8)
  4 crimson imps
  A bullfrog zombie (D:9)
  5 hounds
  4 orc priests
  2 bullfrog skeletons (D:3)
  A jelly (D:10)
  9 orc wizards
  An iguana (D:6)
  8 worker ants
  8 adders
  A shadow imp (D:4)
  2 worms
  3 dart slugs
  A leopard gecko (D:7)
  27 orcs
  9 bats
  7 giant cockroaches
  7 goblins
  5 hobgoblins
  2 jackals (D:3)
  10 kobolds
  2 quokkas
  4 ball pythons
  A frilled lizard (D:5)
  A quokka skeleton (D:4)
  10 rats
191 creatures vanquished.

Vanquished Creatures (collateral kills)
  A killer bee (D:9)
  An orc (D:9)
  A quokka (D:9)
3 creatures vanquished.

Grand Total: 194 creatures vanquished

Notes
Turn   | Place    | Note
-------+----------+-------------------------------------------
     0 | D:1      | Ihlosi the Kobold Gladiator began the quest for the Orb.
     0 | D:1      | Reached XP level 1. HP: 12/12 MP: 1/1
   156 | D:1      | Reached XP level 2. HP: 13/17 MP: 2/2
   640 | D:1      | Reached XP level 3. HP: 22/22 MP: 3/3
   688 | D:2      | Reached skill level 1 in Stealth
   767 | D:2      | Reached XP level 4. HP: 11/27 MP: 4/4
  1002 | D:2      | Found a shadowy altar of Dithmenos.
  1002 | D:2      | Found a hide-covered altar of Uskayaw.
  1173 | D:2      | Reached skill level 1 in Armour
  1417 | D:3      | Reached skill level 5 in Short Blades
  1417 | D:3      | Reached XP level 5. HP: 27/32 MP: 5/5
  1663 | D:3      | Reached XP level 6. HP: 33/37 MP: 6/6
  1776 | D:3      | Gained mutation: Your skin changes colour to match your
                  | surroundings (Stealth+). [potion of mutation]
  1776 | D:3      | Gained mutation: You are robust. (+10% HP) [potion of
                  | mutation]
  1813 | D:3      | Reached skill level 5 in Dodging
  2351 | D:4      | Reached XP level 7. HP: 28/45 MP: 7/7
  2393 | D:4      | Found Miosk's Jewellery Boutique.
  3125 | D:5      | Entered Level 5 of the Dungeon
  3305 | D:5      | Reached XP level 8. HP: 52/52 MP: 8/8
  3342 | D:5      | Reached skill level 5 in Fighting
  3342 | D:5      | Reached skill level 5 in Stealth
  3483 | D:5      | Reached skill level 1 in Spellcasting
  4114 | D:6      | Reached XP level 9. HP: 30/59 MP: 12/12
  4392 | D:6      | Got a faintly glowing leather armour
  4403 | D:6      | Identified the +1 leather armour of Amuah {Dex+3} (You
                  | found it on level 6 of the Dungeon)
  4869 | D:7      | Got a steaming pewter ring
  4870 | D:7      | Identified the ring of Zin's Whim {MR+ Str+3} (You found it
                  | on level 7 of the Dungeon)
  4871 | D:7      | Found a staircase to the Ecumenical Temple.
  4889 | Temple   | Entered the Ecumenical Temple
  4941 | Temple   | Became a worshipper of Kikubaaqudgha
  5005 | D:7      | Reached skill level 1 in Evocations
  5043 | D:7      | Noticed a hippogriff
  5057 | D:7      | Killed a hippogriff
  5202 | D:7      | Found a runed door.
  5203 | D:7      | Noticed GlassGoSec's ghost (novice OgTm)
  5272 | D:7      | Found a runed door.
  5822 | D:7      | Reached XP level 10. HP: 59/69 MP: 14/14
  6468 | D:8      | Found Zin's Purification Station.
  6473 | D:8      | Found a glowing silver altar of Zin.
  6552 | D:8      | Learned a level 1 spell: Animate Skeleton
  6554 | D:8      | Learned a level 1 spell: Apportation
  6636 | D:8      | Found Evakh's Weapon Shoppe.
  6763 | D:8      | Reached * piety under Kikubaaqudgha
  6763 | D:8      | Identified Kikubaaqudgha's Handbook of Necromancy
                  | (Kikubaaqudgha gifted it to you on level 8 of the Dungeon)
  6763 | D:8      | Received a gift from Kikubaaqudgha
  6769 | D:8      | Learned a level 1 spell: Pain
  6772 | D:8      | Learned a level 2 spell: Corpse Rot
  6776 | D:8      | Learned a level 3 spell: Vampiric Draining
  6780 | D:8      | Found a burning altar of Makhleb.
  7618 | D:9      | Found a glowing golden altar of the Shining One.
  7797 | D:9      | Found Utonyodae's Magic Scroll Shoppe.
  7852 | D:9      | Found a shattered altar of Ashenzari.
  7852 | D:9      | Found a radiant altar of Vehumet.
  7857 | D:9      | Found a shimmering altar of Xom.
  7859 | D:9      | Found a deep blue altar of Sif Muna.
  7861 | D:9      | Found a sparkling altar of Nemelex Xobeh.
  8447 | D:10     | Entered Level 10 of the Dungeon
  8447 | D:10     | Noticed Erolcha
  8581 | D:10     | Reached skill level 10 in Short Blades
  8581 | D:10     | Reached skill level 5 in Evocations
  8595 | D:10     | You fall through a shaft for 2 floors!
  8651 | D:12     | Reached skill level 10 in Fighting
  8651 | D:12     | Reached XP level 11. HP: 65/77 MP: 15/15
  8659 | D:12     | Found a sparkling altar of Nemelex Xobeh.
  8694 | D:12     | Noticed a two-headed ogre
  8724 | D:12     | Killed a two-headed ogre
  9149 | D:12     | Noticed a manticore
  9158 | D:12     | Reached skill level 10 in Stealth
  9174 | D:12     | Slain by a manticore

Skill      XL: |  1  2  3  4  5  6  7  8  9 10 11 |
---------------+----------------------------------+-----
Dodging        | 4 5 6 |  6.9
Stealth        | 1 2 3 4 7 9 10 | 10.0
Armour         | 1 2 3 |  3.0
Short Blades   | 5 6 7 10 | 10.9
Fighting       | 3 4 6 8 10 | 10.3
Spellcasting   | 2 3 |  3.0
Evocations     | 3 5 |  5.5
Throwing       | |  2.1

Action                   |  1- 3 |  4- 6 |  7- 9 | 10-12 || total
-------------------------+-------+-------+-------+-------++-------
Melee: Rapier            |    72 |    88 |   190 |   329 ||   679
       Dagger            |       |   206 |   337 |    60 ||   603
Throw: Throwing net      |       |     1 |     2 |     3 ||     6
 Cast: Animate Skeleton  |       |       |       |     1 ||     1
Evoke: Wand              |       |       |     1 |     9 ||    10
  Use: Potion            |       |     3 |     4 |     4 ||    11
       Scroll            |       |     4 |       |     8 ||    12
 Stab: Sleeping          |       |     1 |    10 |    12 ||    23
       Invisible         |       |     4 |       |       ||     4
       Held in net/web   |       |     1 |     2 |     3 ||     6
       Distracted        |       |       |     2 |       ||     2
  Eat: Chunk             |     4 |    12 |    22 |     8 ||    46
Armor: Leather armour    |    31 |    19 |    26 |    55 ||   131
       Ring mail         |       |    76 |    49 |       ||   125
       Skin              |       |     1 |    13 |       ||    14
Dodge: Dodged            |    79 |   226 |   269 |   266 ||   840
